[Event "VII Pontevedra Masters-A 2019"]
[Site "Pontevedra"]
[Date "2019.08.12"]
[Round "7"]
[White "Pulvett Marin, Daniel Eduardo"]
[Black "Petkov, Vladimir"]
[Result "1-0"]
[ECO "E16"]
[WhiteElo "2474"]
[BlackElo "2497"]
[Annotator "ChessBase"]
[PlyCount "63"]
[EventDate "2019.??.??"]
[EventCountry "ESP"]
[SourceTitle "playchess.com"]
[Source "ChessBase"]
[SourceQuality "1"]
[TimeControl "5400+30"]

1. d4 Nf6 2. Nf3 e6 3. c4 b6 4. g3 Bb7 5. Bg2 g6 6. O-O Bg7 7. Nc3 Ne4 8. Qd3 Nxc3 9. bxc3 O-O 10. e4 d6 11. Bg5 Qd7 12. Nd2 Nc6 13. f4 f6 14. Bh4 Na5 15. Bh3 f5 16. Rae1 Qc6 17. Rf2 Rae8 18. Rfe2 Qa4 19. Bg2 Kh8 20. exf5 Bxg2 21. f6 Bh3 22. fxg7+ Kxg7 23. d5 e5 24. fxe5 dxe5 25. g4 Bxg4 26. Rxe5 Rxe5 27. Qd4 Kg8 28. Qxe5 Qc2 29. Ne4 Bh3 30. Bf2 Rf5 31. Nf6+ Kg7 32. Qe6 1-0

[Event "VII Pontevedra Masters-A 2019"]
[Site "Pontevedra"]
[Date "2019.08.12"]
[Round "7"]
[White "Khamrakulov, Ibragim S."]
[Black "Lillo Castany, Victor"]
[Result "1-0"]
[ECO "C54"]
[WhiteElo "2437"]
[BlackElo "2332"]
[Annotator "NA"]
[PlyCount "87"]
[EventDate "2019.??.??"]
[EventCountry "ESP"]
[SourceTitle "playchess.com"]
[Source "ChessBase"]
[SourceQuality "1"]
[TimeControl "5400+30"]

1. e4 e5 2. Nf3 Nc6 3. Bc4 Nf6 4. d3 Bc5 5. O-O a6 6. c3 d6 7. Bb3 h6 8. h3 O-O 9. Be3 Bxe3 10. fxe3 d5 11. exd5 Nxd5 12. Qe2 Be6 13. Nbd2 Qd7 14. Ne4 Qe7 15. d4 exd4 16. Nxd4 Rae8 17. Rae1 Nxd4 18. exd4 Qd8 19. Qf3 c6 20. Nc5 Bc8 21. Kh1 Rxe1 22. Rxe1 Nf6 23. Ne4 Nxe4 24. Qxe4 Qd6 25. Qe7 Qg6 26. Rf1 Bf5 27. Rf3 b5 28. Qe5 Bd7 29. Kh2 Qg5 30. Bxf7+ Kh8 31. Bg6 Qxe5+ 32. dxe5 Rxf3 33. gxf3 Be6 34. a3 c5 35. f4 Kg8 36. Bd3 Bd7 37. f5 a5 38. Kg3 Bc6 39. Kf4 Kf7 40. Be4 Be8 41. b4 cxb4 42. cxb4 axb4 43. axb4 Ke7 44. Ke3 1-0

[Event "VII Pontevedra Masters-A 2019"]
[Site "Pontevedra"]
[Date "2019.08.12"]
[Round "7"]
[White "Portela Peleteiro, Alberto"]
[Black "Bobadilla Viera, Jorge Samuel"]
[Result "1-0"]
[ECO "B20"]
[WhiteElo "2375"]
[BlackElo "2381"]
[Annotator "NA"]
[PlyCount "123"]
[EventDate "2019.??.??"]
[EventCountry "ESP"]
[SourceTitle "playchess.com"]
[Source "ChessBase"]
[SourceQuality "1"]
[TimeControl "5400+30"]

1. e4 c5 2. g3 d5 3. Bg2 dxe4 4. Nc3 e5 5. Nxe4 f5 6. Nc3 Nf6 7. d3 Nc6 8. Nf3 Bd6 9. O-O O-O 10. Nd2 h6 11. Nc4 Re8 12. Re1 Bc7 13. a4 a6 14. b3 Rb8 15. Ba3 Nb4 16. Na2 b5 17. axb5 axb5 18. Ne3 Nxa2 19. Rxa2 Ba5 20. Re2 f4 21. gxf4 exf4 22. Nd5 Rxe2 23. Nxf6+ Qxf6 24. Qxe2 Bd7 25. Bb2 Bc3 26. Bxc3 Qxc3 27. Qe7 Bg4 28. Bd5+ Kh8 29. h4 Bh5 30. Kg2 Qd4 31. Bf3 Bxf3+ 32. Kxf3 Qd5+ 33. Kxf4 Qg2 34. Ke3 Qc6 35. Kd2 c4 36. Qe4 c3+ 37. Kd1 Qc8 38. Ra7 Qf8 39. Qe5 b4 40. Rxg7 Qxg7 41. Qxb8+ Kh7 42. Qxb4 Qf6 43. Qe4+ Kg8 44. Ke2 Kh8 45. Ke3 Kg8 46. d4 Qa6 47. h5 Qf1 48. Qg6+ Kh8 49. Qxh6+ Kg8 50. Qg6+ Kh8 51. Qd3 Qe1+ 52. Qe2 Qc1+ 53. Kd3 Qa1 54. Qe8+ Kh7 55. Qd7+ Kh8 56. Qc8+ Kh7 57. Qxc3 Qf1+ 58. Kd2 Qxf2+ 59. Kc1 Qh4 60. d5 Qg5+ 61. Kb2 Qxd5 62. Qd3+ 1-0

[Event "VII Pontevedra Masters-A 2019"]
[Site "Pontevedra"]
[Date "2019.08.12"]
[Round "7"]
[White "Kukov, Velislav"]
[Black "Laiz Ibanez, Hector"]
[Result "1/2-1/2"]
[ECO "D02"]
[WhiteElo "2349"]
[BlackElo "2268"]
[Annotator "NA"]
[PlyCount "77"]
[EventDate "2019.??.??"]
[EventCountry "ESP"]
[SourceTitle "playchess.com"]
[Source "ChessBase"]
[SourceQuality "1"]
[TimeControl "5400+30"]

1. d4 Nf6 2. Nf3 e6 3. Bf4 d5 4. e3 Bd6 5. Bg3 O-O 6. Nbd2 c5 7. c3 Qc7 8. Bd3 Nbd7 9. O-O e5 10. e4 exd4 11. cxd4 Bxg3 12. hxg3 dxe4 13. Nxe4 cxd4 14. Nxd4 Nxe4 15. Bxe4 Nf6 16. Bf3 Rd8 17. Qc2 Qxc2 18. Nxc2 Bf5 19. Ne3 Be4 20. Rfd1 Bxf3 21. gxf3 g6 22. Rac1 Rxd1+ 23. Rxd1 Rc8 24. Kg2 Kf8 25. f4 h5 26. Rd4 Ke7 27. Ra4 a6 28. Rb4 b5 29. a4 Rc5 30. Rd4 Ke6 31. Kf3 Nd5 32. axb5 Rxb5 33. Re4+ Kf6 34. Ra4 Nxe3 35. Rxa6+ Kg7 36. fxe3 Rxb2 37. e4 Rb3+ 38. Kg2 Rb2+ 39. Kf3 1/2-1/2

[Event "VII Pontevedra Masters-A 2019"]
[Site "Pontevedra"]
[Date "2019.08.12"]
[Round "7"]
[White "Pazos Porta, Antonio"]
[Black "Narciso Dublan, Marc"]
[Result "1/2-1/2"]
[ECO "A25"]
[WhiteElo "2340"]
[BlackElo "2489"]
[Annotator "ChessBase"]
[PlyCount "133"]
[EventDate "2019.??.??"]
[EventCountry "ESP"]
[SourceTitle "playchess.com"]
[Source "ChessBase"]
[SourceQuality "1"]
[TimeControl "5400+30"]

1. c4 e5 2. g3 Nc6 3. Bg2 d6 4. Nc3 Be6 5. d3 Qd7 6. Nd5 Nge7 7. Rb1 Nd8 8. b3 c6 9. Nxe7 Bxe7 10. Bb2 Qc7 11. a3 d5 12. Nf3 f6 13. O-O O-O 14. Qc2 Qd7 15. Rbc1 Bd6 16. Nd2 Nf7 17. e4 Rac8 18. c5 Bb8 19. b4 Rcd8 20. Rcd1 f5 21. exd5 Bxd5 22. Nf3 f4 23. Qe2 Rde8 24. Nd2 Ng5 25. f3 Qd8 26. Ne4 Ne6 27. Bh3 Nd4 28. Bxd4 exd4 29. Qg2 a5 30. Kh1 Re7 31. Rg1 fxg3 32. hxg3 b6 33. Rde1 Rb7 34. Qf2 bxc5 35. bxc5 Rb3 36. Qxd4 Rxa3 37. Rgf1 Qe7 38. Bg2 Qe5 39. Qxe5 Bxe5 40. f4 Bd4 41. Ng5 Bxg2+ 42. Kxg2 Rxd3 43. Ne6 Ra8 44. Nxd4 Rxd4 45. Re6 Rc8 46. Rb1 Rb4 47. Rd1 Rc7 48. Rdd6 Rc4 49. Rxc6 Rxc5 50. Rxc5 Rxc5 51. Ra6 Kf7 52. Kf3 h5 53. Ra7+ Kf6 54. g4 g6 55. Ra6+ Kf7 56. Ra7+ Ke8 57. Ra6 Kf7 58. Ra7+ Ke8 59. Ra6 Rc3+ 60. Kg2 Ra3 61. Rxg6 hxg4 62. Rxg4 a4 63. Rg7 Rb3 64. Ra7 a3 65. f5 Rb2+ 66. Kf3 a2 67. Ke4 1/2-1/2

[Event "VII Pontevedra Masters-A 2019"]
[Site "Pontevedra"]
[Date "2019.08.12"]
[Round "7"]
[White "Buitron Ramil, David"]
[Black "Saborido Bua, Jorge"]
[Result "1-0"]
[ECO "B01"]
[WhiteElo "1919"]
[BlackElo "1986"]
[Annotator "NA"]
[PlyCount "95"]
[EventDate "2019.??.??"]
[EventCountry "ESP"]
[SourceTitle "playchess.com"]
[Source "ChessBase"]
[SourceQuality "1"]
[TimeControl "5400+30"]

1. e4 d5 2. exd5 Qxd5 3. Nc3 Qd8 4. d4 c6 5. Bc4 Bf5 6. g4 Bg6 7. f4 e6 8. Nf3 Bb4 9. h4 Be4 10. a3 Bxc3+ 11. bxc3 Nd7 12. Rh3 Nb6 13. Bb3 Bd5 14. Ne5 Bxb3 15. cxb3 Qc7 16. c4 f6 17. Nd3 O-O-O 18. Bb2 Nh6 19. Qe2 Nd7 20. Re3 Nf8 21. O-O-O b6 22. Qf3 f5 23. g5 Ng4 24. Re2 a5 25. Rc2 h5 26. d5 Ng6 27. dxe6 Nxh4 28. Qe2 Rhe8 29. c5 b5 30. Ne5 Rxd1+ 31. Qxd1 Rxe6 32. Rd2 Qe7 33. Rd7 Qxc5+ 34. Kb1 Re7 35. Rd8+ Kb7 36. Rd7+ Kc8 37. Rxe7 Qxe7 38. Qh1 Nxe5 39. fxe5 Qxg5 40. Qxc6+ Kd8 41. e6 Qd2 42. Qa8+ Ke7 43. Qg8 Qd1+ 44. Ka2 Qd8 45. Qf7+ Kd6 46. Bxg7 a4 47. e7 axb3+ 48. Kxb3 1-0

[Event "VII Pontevedra Masters-A 2019"]
[Site "Pontevedra"]
[Date "2019.08.13"]
[Round "8"]
[White "Grigoryan, Karen H."]
[Black "Estremera Panos, Sergio"]
[Result "*"]
[ECO "B53"]
[WhiteElo "2549"]
[BlackElo "2307"]
[Annotator "ChessBase"]
[PlyCount "37"]
[EventDate "2019.??.??"]
[EventCountry "ESP"]
[SourceTitle "playchess.com"]
[Source "ChessBase"]
[SourceQuality "1"]
[TimeControl "5400+30"]

1. e4 c5 2. Nc3 d6 3. d4 cxd4 4. Qxd4 Nc6 5. Bb5 Bd7 6. Bxc6 Bxc6 7. Nf3 Nf6 8. Bg5 e6 9. O-O-O Be7 10. Rhe1 O-O 11. Kb1 h6 12. Bh4 Qc7 13. Qd2 Rfd8 14. Nd4 d5 15. e5 Ne4 16. Nxe4 Bxh4 17. Ng3 Bd7 18. Nh5 Be7 19. Qf4 *

[Event "VII Pontevedra Masters-A 2019"]
[Site "Pontevedra"]
[Date "2019.08.13"]
[Round "8"]
[White "Manolache, Marius"]
[Black "Shirov, Alexei"]
[Result "1/2-1/2"]
[ECO "D11"]
[WhiteElo "2504"]
[BlackElo "2658"]
[Annotator "ChessBase"]
[PlyCount "101"]
[EventDate "2019.??.??"]
[EventCountry "ESP"]
[SourceTitle "playchess.com"]
[Source "ChessBase"]
[SourceQuality "1"]
[TimeControl "5400+30"]

1. d4 d5 2. Nf3 Nf6 3. c4 c6 4. e3 Bg4 5. h3 Bh5 6. Nc3 e6 7. Be2 Nbd7 8. a4 Bb4 9. O-O a5 10. Ne1 Bxe2 11. Qxe2 O-O 12. Bd2 dxc4 13. Qxc4 e5 14. Nc2 exd4 15. exd4 Bd6 16. Qd3 Nc5 17. Qf3 Ne6 18. Rad1 Bc7 19. Bc1 Qd6 20. g3 Rad8 21. Kg2 Nd5 22. Rfe1 Bb6 23. Ne4 Qd7 24. h4 f5 25. Ng5 Nxg5 26. Bxg5 f4 27. Bxd8 fxg3 28. Qxf8+ Kxf8 29. Bxb6 Nxb6 30. fxg3 Nxa4 31. Ne3 Nb6 32. d5 Nxd5 33. Nxd5 cxd5 34. Rd4 Qc6 35. Re2 b5 36. Kh2 Kf7 37. Rf4+ Kg8 38. Rd4 a4 39. Red2 h6 40. Rxd5 b4 41. R5d4 Qc5 42. Rf4 Kh7 43. Re4 Qc1 44. Rf2 a3 45. bxa3 Qxa3 46. Re7 Qc3 47. Ree2 b3 48. Rd2 Qe3 49. Rde2 Qc3 50. Rd2 b2 51. Rf7 1/2-1/2

[Event "VII Pontevedra Masters-A 2019"]
[Site "Pontevedra"]
[Date "2019.08.13"]
[Round "8"]
[White "Petkov, Vladimir"]
[Black "Pazos Porta, Antonio"]
[Result "1-0"]
[ECO "E61"]
[WhiteElo "2497"]
[BlackElo "2340"]
[Annotator "ChessBase"]
[PlyCount "63"]
[EventDate "2019.??.??"]
[EventCountry "ESP"]
[SourceTitle "playchess.com"]
[Source "ChessBase"]
[SourceQuality "1"]
[TimeControl "5400+30"]

1. d4 Nf6 2. c4 d6 3. Nf3 g6 4. Nc3 Bg7 5. Bg5 h6 6. Bh4 O-O 7. e3 c5 8. Be2 g5 9. Bg3 Nh5 10. d5 Bf5 11. Nd2 Nxg3 12. hxg3 e6 13. Bg4 Bxg4 14. Qxg4 f5 15. Qh5 e5 16. g4 Qd7 17. gxf5 Qxf5 18. Nce4 Na6 19. g4 Qh7 20. a3 b5 21. Nxg5 Qd3 22. Nge4 Rxf2 23. Kxf2 Rf8+ 24. Ke1 Qxe3+ 25. Kd1 Qd4 26. g5 Qxb2 27. Rb1 Qxa3 28. gxh6 Qa4+ 29. Ke2 Rf4 30. Qe8+ Bf8 31. Qg6+ Kh8 32. Nf6 1-0

[Event "VII Pontevedra Masters-A 2019"]
[Site "Pontevedra"]
[Date "2019.08.13"]
[Round "8"]
[White "Narciso Dublan, Marc"]
[Black "Khamrakulov, Ibragim S."]
[Result "1-0"]
[ECO "A45"]
[WhiteElo "2489"]
[BlackElo "2437"]
[Annotator "ChessBase"]
[PlyCount "73"]
[EventDate "2019.??.??"]
[EventCountry "ESP"]
[SourceTitle "playchess.com"]
[Source "ChessBase"]
[SourceQuality "1"]
[TimeControl "5400+30"]

1. d4 Nf6 2. Bg5 e6 3. e4 c5 4. d5 h6 5. Bxf6 Qxf6 6. Nc3 d6 7. Nf3 a6 8. e5 dxe5 9. Qe2 Nd7 10. O-O-O Be7 11. g3 O-O 12. Bh3 exd5 13. Nxd5 Qd6 14. Ne3 Qc7 15. Nd5 Qd6 16. Bxd7 Bxd7 17. Nxe5 Bb5 18. c4 Ba4 19. b3 Be8 20. Ng4 Bg5+ 21. f4 Qe6 22. Qxe6 fxe6 23. Nb6 Bh5 24. h3 Bd8 25. Nxa8 Ba5 26. Rd7 Be8 27. Re7 Bc6 28. Rd1 Rxa8 29. Ne5 Be8 30. Rxb7 Bc3 31. Re7 a5 32. a4 Bd4 33. Rxe6 Bh5 34. g4 Be8 35. Kc2 Be3 36. f5 Bd4 37. Re1 1-0

[Event "VII Pontevedra Masters-A 2019"]
[Site "Pontevedra"]
[Date "2019.08.13"]
[Round "8"]
[White "Pulvett Marin, Daniel Eduardo"]
[Black "Ruck, Robert"]
[Result "0-1"]
[ECO "D23"]
[WhiteElo "2474"]
[BlackElo "2524"]
[Annotator "ChessBase"]
[PlyCount "104"]
[EventDate "2019.??.??"]
[EventCountry "ESP"]
[SourceTitle "playchess.com"]
[Source "ChessBase"]
[SourceQuality "1"]
[TimeControl "5400+30"]

1. d4 d5 2. c4 dxc4 3. Nf3 Nf6 4. g3 c5 5. Bg2 Nc6 6. Qa4 cxd4 7. O-O Bd7 8. Qxc4 e5 9. Ng5 Qe7 10. e3 h6 11. Ne4 Nxe4 12. Bxe4 Qc5 13. Na3 Be7 14. exd4 exd4 15. Bf4 O-O 16. Rac1 Qxc4 17. Nxc4 Rfe8 18. Rfd1 Rad8 19. f3 Be6 20. Bxc6 bxc6 21. Na5 c5 22. Nc6 Rd5 23. a3 Bf8 24. b4 Bd7 25. Na5 cxb4 26. axb4 Bxb4 27. Nb3 d3 28. Rc4 a5 29. Re4 Ba4 30. Ra1 Bb5 31. Bd2 Bxd2 32. Nxd2 a4 33. Kf2 Kf8 34. g4 Bc6 35. Rc1 Rd6 36. Re3 Ra8 37. Nc4 d2 38. Rd1 Rd4 39. Rc3 Bb5 40. Na3 Ba6 41. Rc6 Rd3 42. Nc2 Bb7 43. Nb4 Rb3 44. Rb6 Bxf3 45. Rxd2 Bxg4 46. Rd4 Be6 47. Rbd6 g5 48. Nd5 a3 49. Nc7 a2 50. Nxe6+ fxe6 51. Rd8+ Rxd8 52. Rxd8+ Ke7 0-1

[Event "VII Pontevedra Masters-A 2019"]
[Site "Pontevedra"]
[Date "2019.08.13"]
[Round "8"]
[White "Bernal Moro, Luis Javier"]
[Black "Prieto Aranguren, Alain"]
[Result "1/2-1/2"]
[ECO "E70"]
[WhiteElo "2428"]
[BlackElo "2272"]
[Annotator "NA"]
[PlyCount "74"]
[EventDate "2019.??.??"]
[EventCountry "ESP"]
[SourceTitle "playchess.com"]
[Source "ChessBase"]
[SourceQuality "1"]
[TimeControl "5400+30"]

1. c4 Nf6 2. Nc3 g6 3. e4 d6 4. d4 Bg7 5. Bd3 O-O 6. Nge2 Nc6 7. O-O e5 8. d5 Nd4 9. Nxd4 exd4 10. Ne2 Re8 11. f3 c5 12. Bg5 h6 13. Bh4 a6 14. a4 b6 15. Qc2 Rb8 16. Rab1 Qc7 17. h3 Bd7 18. b4 g5 19. Be1 Nh5 20. g4 Nf6 21. Bg3 Bc8 22. bxc5 bxc5 23. Rxb8 Qxb8 24. f4 Nd7 25. e5 gxf4 26. e6 fxe6 27. Nxf4 Nf6 28. Bh4 Qc7 29. Nxe6 Bxe6 30. Bxf6 Bc8 31. Qf2 Rf8 32. Qh4 Rxf6 33. Rxf6 Qe7 34. Bh7+ Kh8 35. Bf5 Qxf6 36. Qxf6 Bxf6 37. Bxc8 a5 1/2-1/2

[Event "VII Pontevedra Masters-A 2019"]
[Site "Pontevedra"]
[Date "2019.08.13"]
[Round "8"]
[White "Espineira Gonzalez, Diego"]
[Black "Rodriguez Vila, Andres"]
[Result "1/2-1/2"]
[ECO "C03"]
[WhiteElo "2361"]
[BlackElo "2492"]
[Annotator "ChessBase"]
[PlyCount "130"]
[EventDate "2019.??.??"]
[EventCountry "ESP"]
[SourceTitle "playchess.com"]
[Source "ChessBase"]
[SourceQuality "1"]
[TimeControl "5400+30"]

1. e4 e6 2. d4 d5 3. Nd2 Be7 4. Bd3 c5 5. dxc5 Nf6 6. Qe2 a5 7. Ngf3 O-O 8. O-O Na6 9. e5 Nd7 10. Nb3 Ndxc5 11. Nxc5 Nxc5 12. Bb5 a4 13. a3 Bd7 14. Bxd7 Nxd7 15. c4 dxc4 16. Qxc4 Nb6 17. Qg4 Qd3 18. Bg5 Bxg5 19. Qxg5 Rfd8 20. Rac1 Nc4 21. Qe7 b5 22. Rc3 Qe2 23. h4 Qxb2 24. Rfc1 h6 25. R1c2 Rd1+ 26. Kh2 Qb1 27. Kg3 Rad8 28. Rc1 Qg6+ 29. Kh2 R1d5 30. Rxc4 bxc4 31. Rxc4 R5d7 32. Qb4 Ra7 33. Re4 Qf5 34. Kg3 Kh7 35. Qc4 Rd5 36. Qe2 Qg6+ 37. Kh3 Rb5 38. g4 Rb3 39. Kg2 f5 40. exf6 gxf6 41. Nd4 e5 42. Nxb3 axb3 43. Rb4 h5 44. Rxb3 Qxg4+ 45. Qxg4 hxg4 46. Rb4 f5 47. Rb5 Re7 48. Kg3 Kg6 49. f3 gxf3 50. Kxf3 Kf6 51. Rb6+ Kf7 52. h5 Ra7 53. Kg3 Rxa3+ 54. Kh4 f4 55. Kg5 Rh3 56. Kg4 Rg3+ 57. Kf5 f3 58. Rb7+ Kg8 59. Rb1 f2 60. Rf1 Rg2 61. Kxe5 Kh7 62. Kf4 Kh6 63. Kf3 Rh2 64. Rxf2 Rxf2+ 65. Kxf2 Kxh5 1/2-1/2

[Event "VII Pontevedra Masters-A 2019"]
[Site "Pontevedra"]
[Date "2019.08.13"]
[Round "8"]
[White "Gonzalez Trigal, Jose Luis"]
[Black "Portela Peleteiro, Alberto"]
[Result "1-0"]
[ECO "A84"]
[WhiteElo "2339"]
[BlackElo "2375"]
[Annotator "NA"]
[PlyCount "103"]
[EventDate "2019.??.??"]
[EventCountry "ESP"]
[SourceTitle "playchess.com"]
[Source "ChessBase"]
[SourceQuality "1"]
[TimeControl "5400+30"]

1. d4 d5 2. c4 e6 3. Nf3 c6 4. e3 f5 5. Bd3 Nf6 6. O-O Bd6 7. b3 Qe7 8. Bb2 O-O 9. Qc1 b6 10. Ba3 c5 11. cxd5 Nxd5 12. Nc3 Nxc3 13. Qxc3 Bb7 14. Be2 Nd7 15. Rfd1 Rac8 16. Rac1 Nf6 17. dxc5 bxc5 18. Bb2 Qc7 19. Qc4 Rce8 20. Qh4 Ne4 21. Bb5 Rd8 22. Bc4 Qf7 23. Ne5 Bxe5 24. Bxe5 Nd2 25. Be2 Rd5 26. Bc3 Ne4 27. Bb2 Qg6 28. f3 Nf6 29. Kf1 f4 30. exf4 Rh5 31. Qg3 Qh6 32. Kg1 Nd5 33. Be5 Rxe5 34. fxe5 Rf5 35. Rxc5 Qe3+ 36. Qf2 Qxe5 37. Bd3 Rh5 38. h3 Qg5 39. Be4 Rxh3 40. Bxd5 Bxd5 41. Rdxd5 exd5 42. Rc8+ Kf7 43. Qxa7+ Kg6 44. Rc6+ Kh5 45. g4+ Kh4 46. Qf2+ Rg3+ 47. Kh2 Qf4 48. Rc3 g5 49. Rd3 h5 50. gxh5 g4 51. h6 Qc7 52. f4 1-0

[Event "VII Pontevedra Masters-A 2019"]
[Site "Pontevedra"]
[Date "2019.08.13"]
[Round "8"]
[White "Gil Perez, Gerardo"]
[Black "Buitron Ramil, David"]
[Result "0-1"]
[ECO "A07"]
[WhiteElo "1829"]
[BlackElo "1919"]
[Annotator "NA"]
[PlyCount "54"]
[EventDate "2019.??.??"]
[EventCountry "ESP"]
[SourceTitle "playchess.com"]
[Source "ChessBase"]
[SourceQuality "1"]
[TimeControl "5400+30"]

1. e4 c5 2. Nf3 g6 3. c3 d5 4. d3 Nc6 5. Nbd2 Bg7 6. g3 e5 7. Bg2 Nge7 8. O-O O-O 9. Nh4 g5 10. Nhf3 h6 11. Ne1 f5 12. f4 gxf4 13. gxf4 fxe4 14. fxe5 e3 15. Nb3 Rxf1+ 16. Bxf1 d4 17. Nxc5 Nxe5 18. Qb3+ Kh8 19. Ne6 Bxe6 20. Qxe6 N7c6 21. Qh3 Qf6 22. Qg3 Rg8 23. Qh3 Bf8+ 24. Kh1 Qf2 25. Bg2 Qxe1+ 26. Bf1 Nxd3 27. Bxe3 dxe3 0-1

[Event "VII Pontevedra Masters-A 2019"]
[Site "Pontevedra"]
[Date "2019.08.14"]
[Round "9"]
[White "Rodriguez Vila, Andres"]
[Black "Lillo Castany, Victor"]
[Result "1-0"]
[ECO "B56"]
[WhiteElo "2492"]
[BlackElo "2332"]
[Annotator "ChessBase"]
[PlyCount "65"]
[EventDate "2019.??.??"]
[EventCountry "ESP"]
[SourceTitle "playchess.com"]
[Source "ChessBase"]
[SourceQuality "1"]
[TimeControl "5400+30"]

1. e4 c5 2. Nc3 Nc6 3. Nge2 d6 4. d4 cxd4 5. Nxd4 Nf6 6. Be3 Ng4 7. Bb5 Nxe3 8. fxe3 Bd7 9. O-O e6 10. Bxc6 bxc6 11. e5 Be7 12. exd6 Bxd6 13. Qh5 O-O 14. Ne4 Be7 15. Rad1 Qb6 16. Rf3 Rad8 17. Rh3 h6 18. Rg3 Kh8 19. Rf1 Be8 20. Qe5 Rg8 21. Rh3 Kh7 22. Nf3 Qxe3+ 23. Kh1 Kh8 24. Re1 Bf6 25. Qg3 Rd1 26. Rxd1 Qxe4 27. c3 Qc2 28. Rg1 c5 29. Ne5 Qxb2 30. Qf4 Rf8 31. Ng4 Bxc3 32. Nxh6 f6 33. Qc7 1-0

[Event "VII Pontevedra Masters-A 2019"]
[Site "Pontevedra"]
[Date "2019.08.14"]
[Round "9"]
[White "Narciso Dublan, Marc"]
[Black "Grigoryan, Karen H."]
[Result "0-1"]
[ECO "B07"]
[WhiteElo "2489"]
[BlackElo "2549"]
[Annotator "ChessBase"]
[PlyCount "106"]
[EventDate "2019.??.??"]
[EventCountry "ESP"]
[SourceTitle "playchess.com"]
[Source "ChessBase"]
[SourceQuality "1"]
[TimeControl "5400+30"]

1. d4 d6 2. e4 Nf6 3. f3 Nbd7 4. c4 e5 5. Be3 Be7 6. Nc3 O-O 7. Nge2 c6 8. Ng3 Ne8 9. Qd2 g6 10. Be2 Ng7 11. d5 h5 12. O-O h4 13. Nh1 f5 14. exf5 Nxf5 15. dxc6 bxc6 16. Nf2 Nxe3 17. Qxe3 Nc5 18. Bd3 Nxd3 19. Nxd3 Bf5 20. Rad1 Re8 21. Kh1 Bg5 22. Qe2 Qc7 23. Ne4 Be7 24. g4 Be6 25. Rc1 Rad8 26. Qe3 Kg7 27. b3 a5 28. h3 Bg8 29. Kg1 Qb8 30. Nef2 a4 31. bxa4 Qa8 32. c5 Qxa4 33. cxd6 Bxd6 34. Ne4 Bb8 35. Qg5 Rf8 36. Qe7+ Bf7 37. Qf6+ Kg8 38. Ndf2 Qa7 39. Qxh4 Bd5 40. Nf6+ Kg7 41. Nxd5 cxd5 42. Rc6 Rd6 43. Rxd6 Bxd6 44. Kg2 Qa3 45. Nh1 e4 46. fxe4 Rxf1 47. Kxf1 Qd3+ 48. Kg1 Qb1+ 49. Kf2 Bc5+ 50. Ke2 Qxe4+ 51. Kd2 Bb4+ 52. Kc1 Qe3+ 53. Kc2 Qc3+ 0-1

[Event "VII Pontevedra Masters-A 2019"]
[Site "Pontevedra"]
[Date "2019.08.14"]
[Round "9"]
[White "Khamrakulov, Ibragim S."]
[Black "Bobadilla Viera, Jorge Samuel"]
[Result "1-0"]
[ECO "B22"]
[WhiteElo "2437"]
[BlackElo "2381"]
[Annotator "ChessBase"]
[PlyCount "131"]
[EventDate "2019.??.??"]
[EventCountry "ESP"]
[SourceTitle "playchess.com"]
[Source "ChessBase"]
[SourceQuality "1"]
[TimeControl "5400+30"]

1. e4 c5 2. c3 Nf6 3. e5 Nd5 4. Nf3 Nc6 5. Bc4 Nb6 6. Bb3 c4 7. Bc2 d6 8. exd6 Qxd6 9. O-O Bg4 10. Qe2 O-O-O 11. h3 Bh5 12. Na3 Qf6 13. Nxc4 Nxc4 14. Qxc4 Bxf3 15. gxf3 Qxf3 16. Qg4+ Qxg4+ 17. hxg4 e5 18. f4 exf4 19. Rxf4 f6 20. d4 h5 21. Bd1 Bd6 22. Re4 hxg4 23. Bxg4+ Kc7 24. Bf3 f5 25. Re2 Rh3 26. Bg2 Rg3 27. Bd2 Rh8 28. Rf1 g6 29. Re6 Rg4 30. Rf2 f4 31. Kf1 g5 32. Be4 Rg3 33. Rg6 Re8 34. Bd5 Ne7 35. Rg7 Kd8 36. Be6 Rh8 37. Ke2 Rh6 38. Bc4 Nf5 39. Rg8+ Kc7 40. Bd5 Ne3 41. Rg7+ Kd8 42. Bxb7 Ng4 43. Rg2 Re6+ 44. Kf1 Rxg2 45. Bxg2 Be7 46. Rg8+ Kc7 47. Bxf4+ gxf4 48. Rxg4 Bd6 49. Rg7+ Re7 50. Rxe7+ Bxe7 51. b3 Ba3 52. Ke2 Kb6 53. Kd3 Kb5 54. Bf3 Kb6 55. b4 Bc1 56. a4 Be3 57. c4 Bf2 58. c5+ Kc7 59. Kc4 Be1 60. b5 Bd2 61. d5 Be3 62. d6+ Kd8 63. a5 Kc8 64. c6 Bd2 65. c7 Bxa5 66. Bg4+ 1-0

[Event "VII Pontevedra Masters-A 2019"]
[Site "Pontevedra"]
[Date "2019.08.14"]
[Round "9"]
[White "Solozhenkina, Elizaveta"]
[Black "Pulvett Marin, Daniel Eduardo"]
[Result "0-1"]
[ECO "A08"]
[WhiteElo "2324"]
[BlackElo "2474"]
[Annotator "ChessBase"]
[PlyCount "101"]
[EventDate "2019.??.??"]
[EventCountry "ESP"]
[SourceTitle "playchess.com"]
[Source "ChessBase"]
[SourceQuality "1"]
[TimeControl "5400+30"]

1. Nf3 Nf6 2. g3 d5 3. Bg2 e6 4. O-O c5 5. d3 Nc6 6. Nbd2 g6 7. e4 Bg7 8. exd5 Nxd5 9. Re1 O-O 10. Nc4 Qc7 11. a4 b6 12. Bd2 Rb8 13. Qc1 Rd8 14. Bh6 f6 15. c3 e5 16. Bxg7 Kxg7 17. Ne3 Be6 18. Qc2 Qf7 19. Nd2 Rd7 20. Ndc4 Rbd8 21. Rad1 Nce7 22. b3 h5 23. Rd2 h4 24. Red1 hxg3 25. hxg3 Nxe3 26. fxe3 Nf5 27. Kf2 Rh8 28. Rh1 Rxh1 29. Bxh1 Kf8 30. Qd1 Qh7 31. Bg2 Qh6 32. Qe2 Qg5 33. g4 Nh6 34. Ke1 Nxg4 35. e4 Bxc4 36. dxc4 Qxd2+ 37. Qxd2 Rxd2 38. Kxd2 a5 39. Ke2 Kf7 40. Bh3 f5 41. Kf3 Nh6 42. Bg2 Kf6 43. Kg3 Kg5 44. Bf3 Nf7 45. exf5 gxf5 46. Bd5 Nd6 47. Kf3 e4+ 48. Ke3 f4+ 49. Ke2 Kf5 50. Kf2 Ke5 51. b4 0-1

[Event "VII Pontevedra Masters-A 2019"]
[Site "Pontevedra"]
[Date "2019.08.14"]
[Round "9"]
[White "Estremera Panos, Sergio"]
[Black "Bernal Moro, Luis Javier"]
[Result "0-1"]
[ECO "E92"]
[WhiteElo "2307"]
[BlackElo "2428"]
[Annotator "ChessBase"]
[PlyCount "64"]
[EventDate "2019.??.??"]
[EventCountry "ESP"]
[SourceTitle "playchess.com"]
[Source "ChessBase"]
[SourceQuality "1"]
[TimeControl "5400+30"]

1. d4 Nf6 2. c4 g6 3. Nc3 Bg7 4. e4 d6 5. Nf3 O-O 6. Be2 e5 7. d5 c5 8. Bg5 h6 9. Bh4 Qc7 10. Nd2 Nh7 11. a3 h5 12. h3 Bh6 13. Rg1 a6 14. a4 Nd7 15. Ra3 Ndf6 16. Nf1 Bg5 17. Bg3 h4 18. Bh2 Qe7 19. Qd3 Kg7 20. Nd2 Bf4 21. g3 hxg3 22. fxg3 Bh6 23. Nd1 Bxd2+ 24. Kxd2 Ng5 25. Nf2 Nxh3 26. Nxh3 Bxh3 27. g4 Rh8 28. Rb3 Bxg4 29. Bg3 Bxe2 30. Qxe2 Rh3 31. Rb6 Rah8 32. Qg2 Rxg3 0-1

[Event "VII Pontevedra Masters-A 2019"]
[Site "Pontevedra"]
[Date "2019.08.14"]
[Round "9"]
[White "Laiz Ibanez, Hector"]
[Black "Petkov, Vladimir"]
[Result "0-1"]
[ECO "C70"]
[WhiteElo "2268"]
[BlackElo "2497"]
[Annotator "ChessBase"]
[PlyCount "64"]
[EventDate "2019.??.??"]
[EventCountry "ESP"]
[SourceTitle "playchess.com"]
[Source "ChessBase"]
[SourceQuality "1"]
[TimeControl "5400+30"]

1. e4 e5 2. Nf3 Nc6 3. Bb5 g6 4. c3 a6 5. Ba4 Bg7 6. d4 exd4 7. cxd4 Nge7 8. d5 b5 9. Bc2 Na5 10. Bd2 c5 11. Bc3 Bxc3+ 12. Nxc3 d6 13. h3 Nc4 14. Bb3 Nxb2 15. Qe2 Nc4 16. Bxc4 bxc4 17. O-O O-O 18. Qxc4 f6 19. Rfe1 g5 20. e5 fxe5 21. Nxg5 Nf5 22. Qg4 Kh8 23. Qh5 Ra7 24. Re4 Rg7 25. Rg4 Nd4 26. Rg3 Bf5 27. Re1 c4 28. Nce4 Qa5 29. Ree3 Qxd5 30. Qh6 Bxe4 31. Nxh7 Nf5 32. Qxg7+ Nxg7 0-1